BSA
KANSAS CITY KINGS @ KALAMAZOO ROYALE WITH CHEESE
06/16/2024
 
TOP OF THE 1ST
Kansas City Kings batting - Pitching for Kalamazoo Royale with Cheese : LHP Octávio Ramírez
Pitching: LHP Octávio Ramírez
Batting: RHB Chris Chandler 0-0: Ball
1-0: Foul Ball, location: 2F
1-1: Ball
2-1: Called Strike
2-2: Ball
3-2: Strikes out looking
Batting: LHB Marc Nichols 0-0: Called Strike
0-1: Ball
1-1: Swinging Strike
1-2: Ball
2-2: Strikes out swinging
Batting: RHB Toshimichi Kono 0-0: Ball
1-0: Ball
2-0: Ground out 1-3 (Groundball, 13S)
Top of the 1st over - 0 run(s), 0 hit(s), 0 error(s), 0 left on base; Kansas City 0 - Kalamazoo 0
BOTTOM OF THE 1ST
Kalamazoo Royale with Cheese batting - Pitching for Kansas City Kings : RHP Cipriano Montáñez
Pitching: RHP Cipriano Montáñez
Batting: SHB Jack Fountain 0-0: Ball
1-0: Fly out, F8 (Flyball, 8RXD)
Batting: LHB Juan Sánchez 0-0: Ball
1-0: Ball
2-0: Ball
3-0: Called Strike
3-1: Base on Balls
Batting: LHB Robbie McLaughlin 0-0: Called Strike
0-1: Grounds into double play, 4-6-3 (Groundball, 4)
Bottom of the 1st over - 0 run(s), 0 hit(s), 0 error(s), 0 left on base; Kansas City 0 - Kalamazoo 0
TOP OF THE 2ND
Kansas City Kings batting - Pitching for Kalamazoo Royale with Cheese : LHP Octávio Ramírez
Batting: RHB Alonso Ramos 0-0: Ball
1-0: SOLO HOME RUN (Line Drive, 78XD), Distance : 435 ft
Batting: SHB Greg Welch 0-0: Called Strike
0-1: Ball
1-1: SOLO HOME RUN (Line Drive, 7D), Distance : 460 ft
Batting: RHB Adrian Prouse 0-0: Fly out, F8 (Flyball, 8RS)
Batting: RHB Domingo Ávila 0-0: Called Strike
0-1: DOUBLE (Line Drive, 78M)
Batting: RHB Shigemasa Ishida 0-0: Ground out 1-3 (Groundball, 15)
Batting: RHB Matt Richards 0-0: Called Strike
0-1: Swinging Strike
0-2: Ball
1-2: Foul Ball, location: 2F
1-2: Strikes out swinging
Top of the 2nd over - 2 run(s), 3 hit(s), 0 error(s), 1 left on base; Kansas City 2 - Kalamazoo 0
BOTTOM OF THE 2ND
Kalamazoo Royale with Cheese batting - Pitching for Kansas City Kings : RHP Cipriano Montáñez
Batting: RHB Miguel Encarnación 0-0: Called Strike
0-1: Ball
1-1: Ball
2-1: Foul Ball, location: 2F
2-2: Foul Ball, location: 2F
2-2: Foul Ball, location: 2F
2-2: Ball
3-2: Ground out 6-3 (Groundball, 6)
Batting: LHB Ben Moss 0-0: Ball
1-0: Ball
2-0: Ground out 5-3 (Groundball, 56)
Batting: LHB Stan Hickman 0-0: Foul Ball, location: 2F
0-1: SOLO HOME RUN (Flyball, 89XD), Distance : 417 ft
Batting: LHB Jack Hewat 0-0: Ball
1-0: Ball
2-0: Ball
3-0: Base on Balls
Batting: LHB Francisco Torres 0-0: Ball
1-0: Ground out 4-3 (Groundball, 4)
Bottom of the 2nd over - 1 run(s), 1 hit(s), 0 error(s), 1 left on base; Kansas City 2 - Kalamazoo 1
TOP OF THE 3RD
Kansas City Kings batting - Pitching for Kalamazoo Royale with Cheese : LHP Octávio Ramírez
Batting: RHB Chris Chandler 0-0: Ball
1-0: Ball
2-0: Called Strike
2-1: Foul Ball, location: 2F
2-2: SINGLE (Line Drive, 56D)
Batting: LHB Marc Nichols 0-0: Ball
1-0: Ball
2-0: Called Strike
2-1: 2-RUN HOME RUN (Flyball, 9LD), Distance : 377 ft
Batting: RHB Toshimichi Kono 0-0: Swinging Strike
0-1: Ground out 5-3 (Groundball, 56)
Batting: RHB Alonso Ramos 0-0: Ball
1-0: Swinging Strike
1-1: Ball
2-1: Swinging Strike
2-2: Strikes out swinging
Batting: SHB Greg Welch 0-0: Called Strike
0-1: Ball
1-1: Foul Ball, location: 2F
1-2: Ball
2-2: Foul Ball, location: 2F
2-2: Ball
3-2: Base on Balls
Batting: RHB Adrian Prouse 0-0: Called Strike
0-1: Called Strike
0-2: Strikes out swinging
Top of the 3rd over - 2 run(s), 2 hit(s), 0 error(s), 1 left on base; Kansas City 4 - Kalamazoo 1
BOTTOM OF THE 3RD
Kalamazoo Royale with Cheese batting - Pitching for Kansas City Kings : RHP Cipriano Montáñez
Batting: LHB Dave Pitts 0-0: Called Strike
0-1: Ball
1-1: Fly out, F6 (Popup, 6M)
Batting: SHB Jack Fountain 0-0: SINGLE (Groundball, 6MD)
Batting: LHB Juan Sánchez 0-0: Ball
1-0: Ball
2-0: Called Strike
2-1: Foul Ball, location: 2F
2-2: Foul Ball, location: 2F
2-2: Fielders Choice at 2nd, 6-4 (Groundball, 6M)
Batting: LHB Robbie McLaughlin 0-0: Ball
1-0: Ball
2-0: Ball
3-0: Called Strike
3-1: Foul Ball, location: 2F
3-2: SINGLE (Groundball, 56)
Juan Sánchez to second
Juan Sánchez to third
Batting: RHB Miguel Encarnación 0-0: Ground out 5-3 (Groundball, 56)
Bottom of the 3rd over - 0 run(s), 2 hit(s), 0 error(s), 2 left on base; Kansas City 4 - Kalamazoo 1
TOP OF THE 4TH
Kansas City Kings batting - Pitching for Kalamazoo Royale with Cheese : LHP Octávio Ramírez
Batting: RHB Domingo Ávila 0-0: Ball
1-0: SINGLE (Groundball, 56D)
Batting: RHB Shigemasa Ishida 0-0: Called Strike
0-1: Fielders Choice at 2nd, 1-6 (Groundball, 25)
Batting: RHB Matt Richards Pickoff Throw to First - Out!
0-0: Called Strike
0-1: Called Strike
0-2: Strikes out swinging
Top of the 4th over - 0 run(s), 1 hit(s), 0 error(s), 0 left on base; Kansas City 4 - Kalamazoo 1
BOTTOM OF THE 4TH
Kalamazoo Royale with Cheese batting - Pitching for Kansas City Kings : RHP Cipriano Montáñez
Batting: LHB Ben Moss 0-0: DOUBLE (Line Drive, 34D)
Batting: LHB Stan Hickman 0-0: Ball
1-0: Called Strike
1-1: Ball
2-1: Foul Ball, location: 2F
2-2: Ground out 1-3 (Groundball, 15)
Batting: LHB Jack Hewat 0-0: Called Strike
0-1: Swinging Strike
0-2: DOUBLE (Line Drive, 9M)
Ben Moss scores
Batting: LHB Francisco Torres 0-0: Ball
1-0: SINGLE (Groundball, 3D)
Jack Hewat to third
Runner from 3rd tries for Home, SAFE, no throw or cutoff
Batting: LHB Dave Pitts 0-0: Called Strike
0-1: Foul Ball, location: 2F
0-2: Ball
1-2: Fly out, F8 (Flyball, 8LM)
Batting: SHB Jack Fountain 0-0: Ball
1-0: Ball
2-0: Fly out, F6 (Popup, 6)
Bottom of the 4th over - 2 run(s), 3 hit(s), 0 error(s), 1 left on base; Kansas City 4 - Kalamazoo 3
TOP OF THE 5TH
Kansas City Kings batting - Pitching for Kalamazoo Royale with Cheese : LHP Octávio Ramírez
Batting: RHB Chris Chandler 0-0: Ball
1-0: Ball
2-0: Called Strike
2-1: Ball
3-1: Base on Balls
Batting: LHB Marc Nichols 0-0: Swinging Strike
0-1: Ball
1-1: Ball
2-1: Foul Ball, location: 2F
2-2: Ball
3-2: Ground out 5-3 (Groundball, 56S)
Chris Chandler to second
Batting: RHB Toshimichi Kono 0-0: Called Strike
0-1: Ball
1-1: Ground out 5-3 (Groundball, 5)
Batting: RHB Alonso Ramos 0-0: Ball
1-0: Called Strike
1-1: Foul Ball, location: 2F
1-2: Strikes out swinging
Top of the 5th over - 0 run(s), 0 hit(s), 0 error(s), 1 left on base; Kansas City 4 - Kalamazoo 3
BOTTOM OF THE 5TH
Kalamazoo Royale with Cheese batting - Pitching for Kansas City Kings : RHP Cipriano Montáñez
Batting: LHB Juan Sánchez 0-0: Called Strike
0-1: Called Strike
0-2: Ball
1-2: Ball
2-2: Strikes out swinging
Batting: LHB Robbie McLaughlin 0-0: Foul Ball, location: 2F
0-1: Fly out, F9 (Flyball, 89XD)
Batting: RHB Miguel Encarnación 0-0: Ball
1-0: Ball
2-0: SINGLE (Flyball, 9M)
Batting: LHB Ben Moss 0-0: Ball
1-0: Called Strike
1-1: Ground out 4-3 (Groundball, 4)
Bottom of the 5th over - 0 run(s), 1 hit(s), 0 error(s), 1 left on base; Kansas City 4 - Kalamazoo 3
TOP OF THE 6TH
Kansas City Kings batting - Pitching for Kalamazoo Royale with Cheese : LHP Octávio Ramírez
Batting: SHB Greg Welch 0-0: Foul Ball, location: 2F
0-1: Ball
1-1: Ball
2-1: Foul Ball, location: 2F
2-2: Foul Ball, location: 2F
2-2: Ground out 6-3 (Groundball, 6)
Batting: RHB Adrian Prouse 0-0: Called Strike
0-1: Ball
1-1: Ground out 6-3 (Groundball, 6)
Batting: RHB Domingo Ávila 0-0: Called Strike
0-1: Ball
1-1: Swinging Strike
1-2: Foul Ball, location: 2F
1-2: Strikes out swinging
Top of the 6th over - 0 run(s), 0 hit(s), 0 error(s), 0 left on base; Kansas City 4 - Kalamazoo 3
BOTTOM OF THE 6TH
Kalamazoo Royale with Cheese batting - Pitching for Kansas City Kings : RHP Cipriano Montáñez
Batting: LHB Stan Hickman 0-0: Ball
1-0: Swinging Strike
1-1: Called Strike
1-2: Ball
2-2: Foul Ball, location: 2F
2-2: Foul Ball, location: 2F
2-2: Ball
3-2: Foul Ball, location: 2F
3-2: Foul Ball, location: 2F
3-2: SOLO HOME RUN (Flyball, 89XD), Distance : 496 ft
Batting: LHB Jack Hewat 0-0: Ball
1-0: Ball
2-0: Foul Ball, location: 2F
2-1: DOUBLE (Line Drive, 78M)
Batting: LHB Francisco Torres 0-0: Intentional Walk
Batting: LHB Dave Pitts 0-0: Called Strike
0-1: Fly out, F7 (Line Drive, 7S)
Batting: SHB Jack Fountain 0-0: Foul Ball, location: 2F
0-1: Ball
1-1: Fielders Choice at 2nd, 6-4 (Groundball, 6M)
Jack Hewat to third
Batting: LHB Juan Sánchez 0-0: Called Strike
0-1: Swinging Strike
0-2: Foul Ball, location: 2F
0-2: Ball
1-2: Ball
2-2: Fly out, F9 (Line Drive, 9M)
Bottom of the 6th over - 1 run(s), 2 hit(s), 0 error(s), 2 left on base; Kansas City 4 - Kalamazoo 4
TOP OF THE 7TH
Kansas City Kings batting - Pitching for Kalamazoo Royale with Cheese : LHP Octávio Ramírez
Pitching: RHP Fergus Wakeford
Batting: RHB Shigemasa Ishida 0-0: Called Strike
0-1: Called Strike
0-2: Ground out 5-3 (Groundball, 56S)
Batting: RHB Matt Richards 0-0: Ball
1-0: Called Strike
1-1: Foul Ball, location: 2F
1-2: Foul Ball, location: 2F
1-2: Ball
2-2: Strikes out looking
Batting: RHB Chris Chandler 0-0: Called Strike
0-1: Ball
1-1: Called Strike
1-2: SINGLE (Groundball, 5D)
Pitching: LHP Morgan McDormand
Batting: LHB Marc Nichols 0-0: Called Strike
0-1: Ball
1-1: Called Strike
1-2: Ball
2-2: Foul Ball, location: 2F
2-2: DOUBLE (Flyball, 89XD)
Chris Chandler to third
Pitching: RHP José Ruíz
Batting: RHB Toshimichi Kono 0-0: Ball
1-0: Ball
2-0: Swinging Strike
2-1: Foul Ball, location: 2F
2-2: Ball
3-2: Base on Balls
Batting: RHB Alonso Ramos 0-0: Ball
1-0: Foul Ball, location: 2F
1-1: Ball
2-1: Called Strike
2-2: Foul Ball, location: 2F
2-2: Foul Ball, location: 2F
2-2: Strikes out swinging
Top of the 7th over - 0 run(s), 2 hit(s), 0 error(s), 3 left on base; Kansas City 4 - Kalamazoo 4
BOTTOM OF THE 7TH
Kalamazoo Royale with Cheese batting - Pitching for Kansas City Kings : RHP Cipriano Montáñez
Pitching: LHP Leonardo Rodríguez
Pinch Hitting: RHB Eugenio Lucero 0-0: Ball
1-0: Ball
2-0: Fly out, F5 (Line Drive, 5)
Batting: RHB Miguel Encarnación 0-0: Foul Ball, location: 2F
0-1: SINGLE (Groundball, 6MD)
Pinch Hitting: RHB Juan Mendoza 0-0: Ball
1-0: Ball
2-0: Foul Ball, location: 2F
2-1: Foul Ball, location: 2F
2-2: Fly out, F9 (Line Drive, 9D)
Batting: LHB Stan Hickman 0-0: Ball
1-0: Called Strike
1-1: Ground out 1-3 (Groundball, 13S)
Bottom of the 7th over - 0 run(s), 1 hit(s), 0 error(s), 1 left on base; Kansas City 4 - Kalamazoo 4
TOP OF THE 8TH
Kansas City Kings batting - Pitching for Kalamazoo Royale with Cheese : RHP José Ruíz
Now at 1B: Juan Mendoza
Now at SS: Eugenio Lucero
Batting: SHB Greg Welch 0-0: Ball
1-0: Fly out, F7 (Flyball, 7M)
Batting: RHB Adrian Prouse 0-0: Ball
1-0: Ball
2-0: Ball
3-0: Called Strike
3-1: Base on Balls
Pinch Hitting: LHB Matt Smith
Pitching: LHP Gian-Andrea Nota 0-0: Ball
Adrian Prouse is caught stealing 2nd base
1-0: Ball
2-0: Foul Ball, location: 2F
2-1: Ball
3-1: Swinging Strike
3-2: Strikes out swinging
Top of the 8th over - 0 run(s), 0 hit(s), 0 error(s), 0 left on base; Kansas City 4 - Kalamazoo 4
BOTTOM OF THE 8TH
Kalamazoo Royale with Cheese batting - Pitching for Kansas City Kings : LHP Leonardo Rodríguez
Now in LF: Steve Brown
Pinch Hitting: RHB Matt Perkins 0-0: Ball
1-0: Foul Ball, location: 2F
1-1: Ball
2-1: Called Strike
2-2: Ball
3-2: Foul Ball, location: 2F
3-2: Strikes out looking
Batting: LHB Francisco Torres 0-0: Called Strike
0-1: Swinging Strike
0-2: Strikes out looking
Batting: LHB Dave Pitts 0-0: Ball
1-0: Swinging Strike
1-1: Fly out, F8 (Flyball, 8LM)
Bottom of the 8th over - 0 run(s), 0 hit(s), 0 error(s), 0 left on base; Kansas City 4 - Kalamazoo 4
TOP OF THE 9TH
Kansas City Kings batting - Pitching for Kalamazoo Royale with Cheese : LHP Gian-Andrea Nota
Pitching: RHP Stan Stewart
Now at 2B: Matt Perkins
Batting: RHB Shigemasa Ishida 0-0: Called Strike
0-1: Foul Ball, location: 2F
0-2: Ball
1-2: Strikes out swinging
Batting: RHB Matt Richards 0-0: Foul Ball, location: 2F
0-1: Ball
1-1: Foul Ball, location: 2F
1-2: Ball
2-2: Ball
3-2: Ground out 5-3 (Groundball, 5)
Batting: RHB Chris Chandler 0-0: Swinging Strike
0-1: Ball
1-1: Foul Ball, location: 2F
1-2: Foul Ball, location: 2F
1-2: Fly out, F9 (Popup, 34D)
Top of the 9th over - 0 run(s), 0 hit(s), 0 error(s), 0 left on base; Kansas City 4 - Kalamazoo 4
BOTTOM OF THE 9TH
Kalamazoo Royale with Cheese batting - Pitching for Kansas City Kings : LHP Leonardo Rodríguez
Batting: SHB Jack Fountain 0-0: Called Strike
0-1: Ball
1-1: Ball
2-1: Ball
3-1: Called Strike
3-2: Ground out 6-3 (Groundball, 6M)
Pitching: RHP Felipe Rodríguez
Batting: LHB Juan Sánchez 0-0: Swinging Strike
0-1: SINGLE (Line Drive, 78S)
Batting: RHB Eugenio Lucero Pickoff Throw to First - Error! E1
Juan Sánchez to second
0-0: Called Strike
0-1: Called Strike
0-2: Ball
1-2: Ball
2-2: Fly out, F8 (Flyball, 8LM)
Batting: RHB Miguel Encarnación 0-0: Fly out, F2 (Popup, 2RF)
Bottom of the 9th over - 0 run(s), 1 hit(s), 1 error(s), 1 left on base; Kansas City 4 - Kalamazoo 4
TOP OF THE 10TH
Kansas City Kings batting - Pitching for Kalamazoo Royale with Cheese : RHP Stan Stewart
Batting: LHB Marc Nichols 0-0: Ball
1-0: Fly out, F6 (Popup, 6MD)
Batting: RHB Toshimichi Kono 0-0: Ball
1-0: Foul Ball, location: 2F
1-1: SINGLE (Groundball, 4MD)
Batting: RHB Alonso Ramos 0-0: Called Strike
0-1: Foul Ball, location: 2F
0-2: Strikes out swinging
Batting: SHB Greg Welch 0-0: Foul Ball, location: 2F
0-1: Called Strike
0-2: Ball
1-2: Ball
2-2: Strikes out swinging
Top of the 10th over - 0 run(s), 1 hit(s), 0 error(s), 1 left on base; Kansas City 4 - Kalamazoo 4
BOTTOM OF THE 10TH
Kalamazoo Royale with Cheese batting - Pitching for Kansas City Kings : RHP Felipe Rodríguez
Batting: RHB Juan Mendoza 0-0: Swinging Strike
0-1: Called Strike
0-2: Reached on error, E5 (Groundball, 56S)
Batting: LHB Stan Hickman 0-0: Intentional Walk
Batting: RHB Matt Perkins 0-0: Sac Bunt - play at third, runner OUT! 1-6
Stan Hickman to second
Batting: LHB Francisco Torres 0-0: Ball
1-0: Ball
2-0: Ball
3-0: Fly out, F7 (Flyball, 7M)
Batting: LHB Dave Pitts 0-0: Called Strike
0-1: Swinging Strike
0-2: SINGLE (Line Drive, 4MD)
Stan Hickman to third
Matt Perkins to second
Runner from 3rd tries for Home, SAFE, no throw or cutoff
This league is powered by Out of the Park Baseball, the baseball management simulation game for PC, Mac and Linux
Saturday, April 9th, 2016 - OOTP Baseball 16.8 Build 38